 Dungeon Crawl Stone Soup version 0.32-a0-132-g2d33c3cfaf (webtiles) character file.

Game seed: 3186455231811056723

4228 pokeman the Thaumaturge (level 10, -2/54 (56) HPs)
             Began as a Deep Elf Hedge Wizard on Feb 9, 2024.
             Was a Priest of Vehumet.
             Slain by a wight
             ... wielding a +2 halberd
              (16 damage)
             ... on level 9 of the Dungeon.
             The game lasted 00:23:52 (9563 turns).

pokeman the Thaumaturge (Deep Elf Hedge Wizard)     Turns: 9563, Time: 00:23:53

HP:   -2/54 (56)    AC:  7    Str:  7    XL:     10   Next: 9%
MP:   11/29         EV: 12    Int: 24    God:    Vehumet [***...]
Gold: 575           SH:  0    Dex: 14    Spells: 25/36 levels left

rFire   + . .        C - +1 flail (venom)
rCold   . . .        (no shield)
rNeg    + . .        A - +2 leather armour {rF+}
rPois   .            v - +0 helmet
rElec   .            (no cloak)
rCorr   .            (no gloves)
SInv    .            m - +0 pair of boots
Will    +....        (no amulet)
Stlth   ++           q - ring of positive energy
HPRegen 0.29/turn    B - ring of flight
MPRegen 0.21/turn

%: no passive effects
@: flying, lightly drained
A: no striking features
a: Renounce Religion


You were on level 9 of the Dungeon.
You worshipped Vehumet.
Vehumet was most pleased with you.
You visited 1 branch of the dungeon, and saw 9 of its levels.

You collected 575 gold pieces.

Inventory:

Hand Weapons
 C - a +1 flail of venom (weapon)
Armour
 b - a scarf of invisibility
 m - a +0 pair of boots (worn)
 v - a +0 helmet (worn)
 A - a +2 leather armour of fire resistance (worn)
Magical Staves
 l - a staff of alchemy
Jewellery
 q - a ring of positive energy (left hand)
 B - a ring of flight (right hand)
Wands
 t - a wand of polymorph (16)
 u - a wand of iceblast (13)
Scrolls
 c - 3 scrolls of blinking {unknown}
 e - 2 scrolls of teleportation {unknown}
 f - 7 scrolls of identify {unknown}
 i - a scroll of enchant armour {unknown}
 k - a scroll of amnesia {unknown}
 p - 2 scrolls of revelation {unknown}
 w - 2 scrolls of immolation {unknown}
Potions
 a - 5 potions of curing {unknown}
 d - a potion of magic
 g - a potion of enlightenment {unknown}
 h - 2 potions of lignification {unknown}
 j - a potion of attraction {unknown}
 n - 3 potions of heal wounds {unknown}
 o - a potion of brilliance {unknown}
 r - 2 potions of resistance {unknown}
 s - a potion of mutation {unknown}
 x - 3 potions of berserk rage {unknown}
 z - 2 potions of degeneration {unknown}


   Skills:
 - Level 4.0 Fighting
 + Level 3.9 Armour
 - Level 3.0 Dodging
 - Level 3.0 Stealth
 * Level 13.8 Spellcasting
 + Level 7.9 Conjurations
 - Level 1.1 Summonings
 - Level 1.1 Translocations
 - Level 1.0 Air Magic
 - Level 1.0 Alchemy
 - Level 1.0 Evocations


You had 25 spell levels left.
You knew the following spells:

 Your Spells              Type           Power      Damage    Failure   Level
a - Magic Dart            Conj           100%       1d8       1%          1
b - Mephitic Cloud        Conj/Alch/Air  32%        N/A       1%          3
c - Call Imp              Summ           42%        N/A       4%          2
d - Blink                 Tloc           42%        N/A       4%          2
e - Call Canine Familiar  Summ           21%        N/A       10%         3

Your spell library contained the following spells:

 Spells                   Type           Power      Damage    Failure   Level
 Dazzling Flash           Conj/Hex       70%        N/A       1%          3
 Searing Ray              Conj           100%       2d8       1%          2
 Fulminant Prism          Conj/Alch      19%        3d11      2%          4
 Summon Small Mammal      Summ           84%        N/A       3%          1
 Necrotise                Necr           64%        1d7       5%          1
 Slow                     Hex            64%        N/A       5%          1
 Cigotuvi's Dreadful Rot  Necr/Alch/Air  38%        N/A       6%          2
 Tukima's Dance           Hex            16%        N/A       16%         3
 Vampiric Draining        Necr           16%        2d7       16%         3
 Yara's Violent Unravell  Hex/Alch       9%         3d6       28%         5
 Passage of Golubria      Tloc           21%        N/A       32%         4
 Martyr's Knell           Necr/Summ      19%        N/A       38%         4
 Summon Blazeheart Golem  Fire/Summ      19%        N/A       38%         4
 Curse of Agony           Necr           16%        N/A       82%         5


Dungeon Overview and Level Annotations

Branches:
Dungeon (9/15)             Temple (0/1) D:6            Lair (0/5) D:8
    Orc: D:9-12

Altars:
Ashenzari
Cheibriados
Nemelex Xobeh
Qazlal
Ru
Sif Muna
Vehumet
Zin

Annotations:
D:8 Vampire


Message History

Casting: Magic Dart (safe; 1% risk of failure)
Confirm with . or Enter, or press ? or * to list all spells.
Aiming: Magic Dart (safe; 1% risk of failure)
Press: ? - help, Shift-Dir - straight line, f/p - wight
Aim: a wight, wielding a +2 halberd and wearing a +0 robe (moderately damaged, 100% to hit)
The magic dart hits the wight but does no damage.
The wight is moderately damaged.
Your familiar recovers from its injuries.
The wight hits you from afar with a +2 halberd!
* * * LOW HITPOINT WARNING * * *
Casting: Magic Dart (safe; 1% risk of failure)
Confirm with . or Enter, or press ? or * to list all spells.
Aiming: Magic Dart (safe; 1% risk of failure)
Press: ? - help, Shift-Dir - straight line, f/p - wight
Aim: a wight, wielding a +2 halberd and wearing a +0 robe (moderately damaged, 100% to hit)
The magic dart hits the wight.
The wight is moderately damaged.
The wight closely misses you.
Casting: Magic Dart (safe; 1% risk of failure)
Confirm with . or Enter, or press ? or * to list all spells.
You blink.
The wight closely misses you.
Casting: Blink (safe; 4% risk of failure)
Confirm with . or Enter, or press ? or * to list all spells.
A tiny devil pulls itself out of the air.
The wight closely misses you.
You swap places. 2 killer bees come into view.
The killer bee buzzes angrily. x2
Your cerulean imp hits the wight but does no damage.
The wight attacks as it pursues you!
The wight hits you from afar with a +2 halberd.
* * * LOW HITPOINT WARNING * * *
You partially resist.
You feel drained.
A killer bee comes into view. x2
The killer bee buzzes angrily.
You hear an angry buzzing noise.
Unknown command.
You feel ready to blink again.
Your cerulean imp hits the wight but does no damage.
The wight hits you from afar with a +2 halberd!
You die...

#######
###.....#
#.....#.#
#.#<..#.#
#.#.###.# #
#z#...
###.#5#.######
#.....@.......
#..<..#.......
#.....#.......
........#....[..
....y.y.#...>...
........#.......
....!.y.#.......
....y..##.......


You could see 4 killer bees, a wight (ally target) and a friendly cerulean imp
(summoned).

Vanquished Creatures
  A cyclops (D:8)
  Eustachio (D:5)
  Edmund (D:6)
  Duvessa (D:7)
  3 water moccasins (D:7)
  2 orc warriors
  A black bear (D:5)
  An ogre (D:5)
  A wolf (D:8)
  2 centaurs (D:7)
  A phantom (D:7)
  Blork the orc (D:5)
  A gnoll sergeant (D:8)
  2 bullfrogs
  2 scorpions
  6 wights
  Dowan (D:7)
  2 killer bees (D:8)
  2 electric eels (D:8)
  2 jellies (D:6)
  2 bombardier beetles
  9 hounds
  3 orc priests
  A gnoll bouda (D:6)
  5 iguanas
  A sleepcap (D:4)
  6 orc wizards
  14 gnolls
  12 adders
  2 shadow imps
  A white imp (D:7)
  2 ufetubi (D:7)
  4 dart slugs
  A ribbon worm (D:2)
  21 orcs
  4 bats
  7 endoplasms
  6 giant cockroaches
  8 goblins
  5 hobgoblins
  5 jackals
  11 kobolds
  4 quokkas
  10 ball pythons
  4 frilled lizards
  4 rats
186 creatures vanquished.

Vanquished Creatures (collateral kills)
  A troll (D:8)
  2 wights (D:8)
  A killer bee (D:8)
  A hound (D:8)
  A sleepcap (D:8)
  A quokka (D:4)
  A ball python (D:4)
8 creatures vanquished.

Vanquished Creatures (others)
  An electric eel (D:8)
1 creature vanquished.

Grand Total: 195 creatures vanquished

Notes
Turn   | Place    | Note
-------+----------+-------------------------------------------
     0 | D:1      | pokeman the Deep Elf Hedge Wizard began the quest for the
                  | Orb.
     0 | D:1      | Reached XP level 1. HP: 10/10 MP: 7/7
   322 | D:1      | Reached XP level 2. HP: 15/15 MP: 3/9
   765 | D:1      | Reached skill level 5 in Spellcasting
  1039 | D:2      | Reached XP level 3. HP: 14/20 MP: 0/11
  1043 | D:2      | Learned a level 3 spell: Mephitic Cloud
  1046 | D:2      | Learned a level 2 spell: Call Imp
  1049 | D:2      | Learned a level 2 spell: Blink
  1353 | D:2      | Reached skill level 1 in Fighting
  1353 | D:2      | Reached skill level 1 in Armour
  1454 | D:2      | Reached XP level 4. HP: 25/25 MP: 8/13
  2159 | D:3      | Found a broken altar of Ashenzari.
  2403 | D:3      | Found a radiant altar of Vehumet.
  2409 | D:3      | Became a worshipper of Vehumet
  3258 | D:4      | Reached skill level 6 in Spellcasting
  3258 | D:4      | Reached XP level 5. HP: 17/29 MP: 6/15
  3406 | D:4      | Found a sparkling altar of Nemelex Xobeh.
  3553 | D:4      | Reached skill level 1 in Alchemy
  3562 | D:4      | Reached skill level 1 in Air Magic
  3562 | D:4      | Reached skill level 1 in Evocations
  3625 | D:4      | Reached * piety under Vehumet
  3625 | D:4      | Offered knowledge of Shock by Vehumet.
  3626 | D:4      | Reached XP level 6. HP: 34/34 MP: 12/17
  3675 | D:4      | Found a shimmering blue altar of Sif Muna.
  4249 | D:4      | Reached skill level 7 in Spellcasting
  4535 | D:5      | Entered Level 5 of the Dungeon
  4726 | D:5      | Offered knowledge of Static Discharge by Vehumet.
  4773 | D:5      | Reached ** piety under Vehumet
  5030 | D:5      | Reached XP level 7. HP: 35/40 MP: 14/20
  5151 | D:5      | Noticed Blork the orc
  5163 | D:5      | Killed Blork the orc
  5164 | D:5      | Reached skill level 8 in Spellcasting
  5196 | D:5      | Found a snail-covered altar of Cheibriados.
  5358 | D:5      | Noticed Eustachio
  5377 | D:5      | Killed Eustachio
  5378 | D:5      | Reached skill level 9 in Spellcasting
  5542 | D:6      | Noticed Edmund
  5561 | D:6      | Reached XP level 8. HP: 22/44 MP: 10/23
  5573 | D:6      | Killed Edmund
  5574 | D:6      | Reached skill level 5 in Conjurations
  5600 | D:6      | Reached skill level 10 in Spellcasting
  6329 | D:6      | Found a staircase to the Ecumenical Temple.
  6834 | D:7      | Reached skill level 11 in Spellcasting
  6978 | D:7      | Noticed Dowan
  6979 | D:7      | Noticed Duvessa
  6988 | D:7      | Killed Duvessa
  6994 | D:7      | Killed Dowan
  7043 | D:7      | Found a glowing silver altar of Zin.
  7054 | D:7      | Reached XP level 9. HP: 45/49 MP: 19/26
  7144 | D:7      | Offered knowledge of Scorch by Vehumet.
  7575 | D:7      | Found a stormy altar of Qazlal.
  7665 | D:7      | Reached *** piety under Vehumet
  7681 | D:7      | Reached skill level 12 in Spellcasting
  8145 | D:8      | Noticed a cyclops
  8174 | D:8      | Killed a cyclops
  8343 | D:8      | Noticed a troll
  8359 | D:8      | Offered knowledge of Dazzling Flash by Vehumet.
  8360 | D:8      | Reached skill level 13 in Spellcasting
  8362 | D:8      | Killed a troll
  8402 | D:8      | Learned a level 3 spell: Call Canine Familiar
  8463 | D:8      | Reached XP level 10. HP: 23/56 MP: 12/29
  8823 | D:8      | Found a staircase to the Lair.
  9355 | D:8      | Found a sacrificial altar of Ru.
  9563 | D:9      | Slain by a wight

Illustrated notes

Levels and vault maps discovered:
D:1:      tarquinn_simple_flora_water_a, layout_rooms, lexackson_kobold_supper
D:2:      layout_basic
D:3:      layout_loops_corners, nicolae_overflow_crystal_walls,
          lemuel_tele_altar, minmay_circle_x
D:4:      layout_basic, old_standard_altar, mainiacjoe_overflow_24_doors,
          kennysheep_generic_room_5
D:5:      layout_basic, mainiacjoe_overflow_concentric_impassable,
          uniq_blork_the_orc, uniq_eustachio
D:6:      layout_cave_pods, minmay_temple_entry_grid, uniq_edmund
D:7:      layout_gridville, mainiacjoe_overflow_catwalk, amcnicky_altar_gilded,
          kennysheep_small_circle, uniq_duvessa
D:8:      layout_loops_ring, lemuel_coloured_pillars_altar, erik_lair_island
D:9:      minmay_clustersquares, layout_basic, kennysheep_little_box,
          minmay_orc_entry_temple_small

Skill      XL: |  1  2  3  4  5  6  7  8  9 |
---------------+----------------------------+-----
Spellcasting   | 5 6 7 9 11 13 | 13.8
Fighting       | 1 2 4 |  4.0
Armour         | 1 2 3 |  3.9
Conjurations   | 2 3 4 6 7 |  7.9
Stealth        | 3 |  3.0
Dodging        | 3 |  3.0
Alchemy        | 1 |  1.0
Air Magic      | 1 |  1.0
Evocations     | 1 |  1.0
Summonings     | |  1.1
Translocations | |  1.1

Action                     |  1- 3 |  4- 6 |  7- 9 | 10-12 || total
---------------------------+-------+-------+-------+-------++-------
  Melee: Dagger            |    17 |    46 |   161 |    10 ||   234
         Whip              |     5 |     7 |       |       ||    12
         Punch             |     1 |     2 |    18 |     3 ||    24
         Flail             |       |       |       |     1 ||     1
   Cast: Magic Dart        |    82 |   168 |   125 |    54 ||   429
         Mephitic Cloud    |     1 |     8 |    39 |     3 ||    51
         Call Imp          |       |     1 |     5 |     4 ||    10
         Blink             |       |       |     4 |     1 ||     5
         Call Canine Famil |       |       |     2 |     6 ||     8
   Stab: Confused          |       |     6 |    32 |       ||    38
 Armour: Robe              |    19 |    33 |    25 |       ||    77
         Leather armour    |       |       |    52 |    25 ||    77
  Dodge: Dodged            |    22 |    48 |    93 |    31 ||   194

Table legend: (Time is in decaauts)
 A = Elapsed time spent in this place.
 B = Non-inter-level travel time spent in this place.
 C = Inter-level travel time spent in this place.
 D = Time resting spent in this place.
 E = Time spent auto-exploring this place.
 F = Levels seen in this place.
 G = Mean time per level.
                   A        B        C        D        E       F      G
               +--------+--------+--------+--------+--------+-----+--------+
         Total |   9560 |   9324 |    236 |    391 |   7376 |   9 | 1062.2 |
       Dungeon |   9560 |   9324 |    236 |    391 |   7376 |   9 | 1062.2 |
               +--------+--------+--------+--------+--------+-----+--------+

Top non-repeatable levels by time:
     D:7: 1384 daAuts
     D:8: 1326 daAuts
     D:4: 1308 daAuts
     D:6: 1176 daAuts
     D:3: 1119 daAuts
     D:2: 1111 daAuts
     D:5: 998 daAuts
     D:1: 994 daAuts
     D:9: 140 daAuts
